[ AOE2 MATCH · #507208344 ]
UnrankedFranks vs Lithuanians
Player's team · WIN
[ REPLAY ANALYSIS · EXTRACTED FROM THE RECORDED GAME ]
Feudal
9:26
Castle
—
Imperial
—
| APM avg | 36.0 |
| APM peak | 72 |
| eAPM avg | 15.0 |
| Villagers / military | 54 / 26 |
Focus
⚔️ 24.2% · 🌾 75.8%
Scout Cavalry ×26
Feudal
8:57
Castle
21:01
Imperial
—
| APM avg | 35.6 |
| APM peak | 68 |
| eAPM avg | 14.2 |
| Villagers / military | 45 / 17 |
Focus
⚔️ 34.8% · 🌾 65.2%
Scout Cavalry ×13 · Spearman ×4
Match map
Initial resources + every placement click. Lines = walls · curves = elevation contours. ◆ gold · ⬟ stone · ● berries · ✦ relic · ◌ wall gap
Your base· Open — unwalled flank
El inspector cobaya's base· Open — 4t gap
Smoothed initial terrain · ◌ = detected wall gap · hover for details
Inputs per minute
— hK | triunFo - - El inspector cobaya
Build order — hK | triunFo
129 actions detected in the replay
| 0:01 | Queue | Villager (Male) |
| 0:01 | Queue | Villager (Male) |
| 0:02 | Queue | Villager (Male) |
| 0:02 | Queue | Villager (Male) |
| 0:02 | Queue | Villager (Male) |
| 0:05 | Build | House |
| 0:57 | Build | House |
| 0:58 | Build | House |
| 1:29 | Queue | Villager (Male) |
| 1:48 | Queue | Villager (Male) |
| 2:16 | Build | Lumber Camp |
| 2:20 | Queue | Villager (Male) |
| 2:20 | Queue | Villager (Male) |
| 2:45 | Queue | Villager (Male) |
| 3:08 | Queue | Villager (Male) |
| 3:08 | Queue | Villager (Male) |
| 3:31 | Queue | Villager (Male) |
| 4:08 | Queue | Villager (Male) |
| 4:09 | Queue | Villager (Male) |
| 4:09 | Queue | Villager (Male) |
| 4:42 | Build | Mill |
| 4:50 | Queue | Villager (Male) |
| 4:50 | Queue | Villager (Male) |
| 4:50 | Queue | Villager (Male) |
| 5:17 | Queue | Villager (Male) |
| 5:27 | Queue | Villager (Male) |
| 5:28 | Queue | Villager (Male) |
| 5:28 | Queue | Villager (Male) |
| 5:34 | Build | House |
| 5:57 | Queue | Villager (Male) |
| 5:58 | Queue | Villager (Male) |
| 6:28 | Research | Loom |
| 7:16 | Research | Feudal Age |
| 7:16 | Research | Feudal Age |
| 7:33 | Build | Barracks |
| 8:19 | Build | House |
| 8:51 | Queue | Villager (Male) |
| 8:51 | Queue | Villager (Male) |
| 8:55 | Build | House |
| 9:26 | Age | Feudal Age |
| 9:29 | Queue | Villager (Male) |
| 9:31 | Research | Double-Bit Axe |
| 9:45 | Build | Stable |
| 10:21 | Queue | Scout Cavalry |
| 10:21 | Queue | Scout Cavalry |
| 10:22 | Queue | Scout Cavalry |
| 10:38 | Build | House |
| 10:42 | Build | House |
| 10:52 | Build | House |
| 11:09 | Build | Farm |
| 11:16 | Build | Farm |
| 11:17 | Queue | Villager (Male) |
| 11:18 | Queue | Villager (Male) |
| 11:33 | Build | Farm |
| 11:45 | Queue | Scout Cavalry |
| 11:46 | Queue | Scout Cavalry |
| 11:48 | Queue | Villager (Male) |
| 12:37 | Queue | Villager (Male) |
| 12:37 | Queue | Villager (Male) |
| 12:38 | Queue | Villager (Male) |
| 12:38 | Queue | Villager (Male) |
| 12:42 | Build | Farm |
| 12:42 | Build | Farm |
| 12:46 | Queue | Scout Cavalry |
| 12:47 | Queue | Scout Cavalry |
| 12:50 | Queue | Villager (Male) |
| 12:50 | Queue | Villager (Male) |
| 13:05 | Build | Blacksmith |
| 13:17 | Queue | Villager (Male) |
| 13:24 | Build | Mill |
| 13:33 | Build | Farm |
| 13:44 | Build | House |
| 13:46 | Build | House |
| 13:49 | Queue | Scout Cavalry |
| 13:53 | Queue | Villager (Male) |
| 13:57 | Build | Farm |
| 14:01 | Build | Farm |
| 14:14 | Build | Farm |
| 14:19 | Queue | Villager (Male) |
| 14:20 | Queue | Villager (Male) |
| 14:33 | Build | Farm |
| 14:38 | Build | Farm |
| 14:43 | Queue | Villager (Male) |
| 14:51 | Build | House |
| 14:55 | Build | House |
| 15:02 | Queue | Scout Cavalry |
| 15:06 | Queue | Villager (Male) |
| 15:17 | Build | Farm |
| 15:21 | Build | Farm |
| 15:25 | Queue | Scout Cavalry |
| 15:25 | Queue | Scout Cavalry |
| 15:27 | Queue | Villager (Male) |
| 15:28 | Queue | Villager (Male) |
| 15:28 | Queue | Villager (Male) |
| 15:46 | Build | Mining Camp |
| 16:02 | Build | House |
| 16:06 | Queue | Scout Cavalry |
| 16:07 | Queue | Scout Cavalry |
| 16:22 | Research | Scale Barding Armor |
| 16:22 | Research | Scale Barding Armor |
| 16:23 | Queue | Scout Cavalry |
| 16:23 | Queue | Scout Cavalry |
| 16:57 | Queue | Villager (Male) |
| 16:57 | Queue | Villager (Male) |
| 16:58 | Queue | Villager (Male) |
| 17:14 | Queue | Villager (Male) |
| 17:15 | Queue | Villager (Male) |
| 17:41 | Queue | Scout Cavalry |
| 17:42 | Queue | Scout Cavalry |
| 17:42 | Queue | Scout Cavalry |
| 17:42 | Queue | Scout Cavalry |
| 18:05 | Queue | Villager (Male) |
| 18:08 | Research | Fletching |
| 18:08 | Research | Fletching |
| 18:13 | Build | Farm |
| 18:14 | Build | Farm |
| 18:52 | Build | Watch Tower |
| 19:46 | Build | Watch Tower |
| 19:51 | Queue | Scout Cavalry |
| 19:51 | Queue | Scout Cavalry |
| 19:51 | Queue | Scout Cavalry |
| 19:51 | Queue | Scout Cavalry |
| 20:20 | Queue | Villager (Male) |
| 20:20 | Queue | Villager (Male) |
| 20:30 | Build | Watch Tower |
| 21:09 | Queue | Scout Cavalry |
| 21:10 | Queue | Scout Cavalry |
| 21:10 | Queue | Scout Cavalry |
| 21:25 | Build | Watch Tower |
Build order — El inspector cobaya
123 actions detected in the replay
| 0:00 | Queue | Villager (Male) |
| 0:00 | Queue | Villager (Male) |
| 0:01 | Queue | Villager (Male) |
| 0:02 | Build | House |
| 0:03 | Build | House |
| 0:08 | Queue | Villager (Male) |
| 0:08 | Queue | Villager (Male) |
| 0:08 | Queue | Villager (Male) |
| 1:33 | Queue | Villager (Male) |
| 1:33 | Queue | Villager (Male) |
| 1:52 | Queue | Villager (Male) |
| 1:52 | Queue | Villager (Male) |
| 1:57 | Build | Lumber Camp |
| 2:30 | Queue | Villager (Male) |
| 2:57 | Queue | Villager (Male) |
| 2:57 | Queue | Villager (Male) |
| 2:57 | Queue | Villager (Male) |
| 3:23 | Build | House |
| 3:37 | Queue | Villager (Male) |
| 3:37 | Queue | Villager (Male) |
| 4:02 | Build | Mill |
| 4:27 | Queue | Villager (Male) |
| 4:52 | Queue | Villager (Male) |
| 5:20 | Queue | Villager (Male) |
| 5:31 | Research | Loom |
| 6:16 | Build | House |
| 6:47 | Research | Feudal Age |
| 7:02 | Build | Barracks |
| 7:12 | Queue | Villager (Male) |
| 7:25 | Build | House |
| 7:28 | Build | Palisade Wall |
| 8:57 | Age | Feudal Age |
| 8:59 | Build | Stable |
| 9:07 | Queue | Villager (Male) |
| 9:15 | Research | Double-Bit Axe |
| 9:36 | Queue | Villager (Male) |
| 9:44 | Queue | Scout Cavalry |
| 9:44 | Queue | Scout Cavalry |
| 9:45 | Queue | Scout Cavalry |
| 9:56 | Queue | Villager (Male) |
| 9:58 | Queue | Spearman |
| 10:08 | Queue | Villager (Male) |
| 10:12 | Build | House |
| 10:17 | Build | Palisade Wall |
| 10:24 | Queue | Scout Cavalry |
| 10:26 | Queue | Villager (Male) |
| 10:45 | Build | Farm |
| 10:49 | Build | Farm |
| 10:50 | Queue | Villager (Male) |
| 11:04 | Build | Farm |
| 11:07 | Build | Farm |
| 11:17 | Build | Lumber Camp |
| 11:17 | Queue | Villager (Male) |
| 11:33 | Queue | Villager (Male) |
| 11:39 | Build | Palisade Wall |
| 11:48 | Queue | Villager (Male) |
| 12:26 | Queue | Scout Cavalry |
| 12:32 | Queue | Villager (Male) |
| 12:34 | Build | Farm |
| 12:35 | Build | Farm |
| 12:38 | Build | Farm |
| 12:52 | Queue | Villager (Male) |
| 12:57 | Build | Farm |
| 13:26 | Build | Farm |
| 13:32 | Build | Farm |
| 13:33 | Build | Farm |
| 13:35 | Queue | Villager (Male) |
| 13:39 | Build | House |
| 13:40 | Build | House |
| 13:43 | Build | Farm |
| 13:45 | Queue | Villager (Male) |
| 13:50 | Queue | Scout Cavalry |
| 13:54 | Build | House |
| 13:58 | Build | House |
| 13:59 | Build | House |
| 14:01 | Build | House |
| 14:06 | Research | Town Watch |
| 14:07 | Queue | Villager (Male) |
| 14:19 | Queue | Scout Cavalry |
| 14:25 | Build | Farm |
| 14:30 | Queue | Villager (Male) |
| 14:37 | Build | Mining Camp |
| 14:43 | Build | Farm |
| 14:46 | Build | Farm |
| 14:51 | Research | Horse Collar |
| 14:56 | Build | House |
| 15:06 | Build | Palisade Wall |
| 15:13 | Queue | Villager (Male) |
| 15:23 | Build | Farm |
| 15:32 | Queue | Villager (Male) |
| 15:47 | Queue | Villager (Male) |
| 15:59 | Build | Farm |
| 16:04 | Queue | Villager (Male) |
| 16:23 | Build | Farm |
| 17:01 | Build | Palisade Gate |
| 17:04 | Build | Palisade Wall |
| 17:06 | Build | Palisade Wall |
| 17:31 | Queue | Villager (Male) |
| 17:33 | Build | Blacksmith |
| 17:38 | Build | Farm |
| 17:40 | Build | Farm |
| 17:42 | Queue | Villager (Male) |
| 18:03 | Research | Castle Age |
| 18:32 | Build | Farm |
| 18:59 | Queue | Spearman |
| 18:59 | Queue | Spearman |
| 19:00 | Queue | Spearman |
| 19:01 | Queue | Scout Cavalry |
| 19:01 | Queue | Scout Cavalry |
| 19:30 | Build | House |
| 19:33 | Build | Palisade Wall |
| 19:41 | Build | Stable |
| 19:44 | Build | House |
| 19:45 | Build | House |
| 19:51 | Queue | Scout Cavalry |
| 19:51 | Queue | Scout Cavalry |
| 20:31 | Queue | Scout Cavalry |
| 20:31 | Queue | Scout Cavalry |
| 20:54 | Queue | Villager (Male) |
| 20:54 | Queue | Villager (Male) |
| 20:57 | Queue | Villager (Male) |
| 20:57 | Queue | Villager (Male) |
| 21:01 | Age | Castle Age |
Match timeline
| 7:02 | El inspector cobaya · first_building Barracks |
| 7:28 | El inspector cobaya · wall_segment Palisade Wall x4 |
| 7:33 | hK | triunFo · first_building Barracks |
| 8:57 | El inspector cobaya · age_up feudal |
| 8:59 | El inspector cobaya · first_building Stable |
| 9:26 | hK | triunFo · age_up feudal |
| 9:45 | hK | triunFo · first_building Stable |
| 10:17 | El inspector cobaya · wall_segment Palisade Wall x17 |
| 11:39 | El inspector cobaya · wall_segment Palisade Wall x5 |
| 15:06 | El inspector cobaya · wall_segment Palisade Wall x1 |
| 17:04 | El inspector cobaya · wall_segment Palisade Wall x4 |
| 17:06 | El inspector cobaya · wall_segment Palisade Wall x3 |
| 19:33 | El inspector cobaya · wall_segment Palisade Wall x1 |
| 21:01 | El inspector cobaya · age_up castle |
| 21:48 | El inspector cobaya · resign |
[ AI ANALYSIS · 1 CREDIT ]
What really happened in this match?
Wolo.gg analyzes every decision: build order, eco, micro, common mistakes by bracket. Personalized analysis on WhatsApp or Discord in 30 seconds.
Civ guide
Franks
Perfil
Jugador #23740110